 Dungeon Crawl Stone Soup version 0.23-a0-448-g1c01f63 (console) character file.

0 utis the Caller (level 1, 11/13 HPs)
             Began as a Mummy Summoner on Nov 19, 2018.
             Quit the game on level 1 of the Dungeon.
             The game lasted 00:01:46 (230 turns).

utis the Caller (Mummy Summoner)                     Turns: 230, Time: 00:01:47

Health: 11/13      AC:  2    Str: 11    XL:     1   Next: 8%
Magic:  3/4        EV: 12    Int: 14    God:
Gold:   0          SH:  0    Dex: 12    Spells: 4/5 levels left

rFire    x . .     SeeInvis .   (no weapon)
rCold    + . .     Gourm    .   (no shield)
rNeg     + + +     Faith    .   a - +0 robe
rPois    ∞         Spirit   .   (no helmet)
rElec    .         Reflect  .   (no cloak)
rCorr    .         Harm     .   (no gloves)
MR       .....                  (no boots)
Stlth    ++........             (no amulet)
HPRegen  0.04/turn              (no ring)
MPRegen  0.09/turn              (no ring)

@: no status effects
A: no food or potions, fire vulnerability, cold resistance 1, negative energy
resistance 3, torment resistance, unbreathing
a: no special abilities


You were on level 1 of the Dungeon.
You were not hungry.

You visited 1 branch of the dungeon, and saw 1 of its levels.

Inventory:

Missiles
 b - 24 stones (quivered)
 c - 18 bolts
Armour
 a - a +0 robe (worn)


   Skills:
 - Level 1.5 Dodging
 - Level 1.6 Stealth
 - Level 2.7 Spellcasting
 + Level 3.2 Summonings


You had 4 spell levels left.
You knew the following spells:

 Your Spells              Type           Power        Failure   Level  Hunger
z - Summon Small Mammal   Summ           ##..         6%          1    N/A

Your spell library contained the following spells:

 Spells                   Type           Power        Failure   Level  Hunger
 Call Imp                 Summ           ##......     9%          2    N/A
 Call Canine Familiar     Summ           ##......     17%         3    N/A
 Summon Guardian Golem    Hex/Summ       #.......     34%         3    N/A
 Summon Ice Beast         Ice/Summ       #.......     75%         4    N/A
 Summon Lightning Spire   Summ/Air       #.......     75%         4    N/A

Dungeon Overview and Level Annotations

Branches:
Dungeon (1/15)

Altars:


Innate Abilities, Weirdness & Mutations

You do not eat or drink.
Your flesh is vulnerable to fire.
You are immune to poison.
Your flesh is cold resistant. (rC+)
You are immune to negative energy. (rN+++)
You are immune to unholy pain and torment.
You can survive without breathing.


Message History

Confirm with . or Enter, or press ? or * to list all spells.
You don't have enough magic to cast that spell.
Your bat hits the hobgoblin but does no damage.
Your bat hits the hobgoblin but does no damage.
The dart slug launches a dart at you. The slug dart hits you!
Your rat bites the hobgoblin but does no damage.
The hobgoblin hits your rat with a cursed -1 club.
Your rat dies!
Your rat's corpse disappears in a puff of smoke!
Your bat hits the hobgoblin but does no damage.
Your bat barely misses the hobgoblin. x2
The hobgoblin hits your bat with a cursed -1 club.
Your bat closely misses the hobgoblin.
Your bat disappears in a puff of smoke!
A hobgoblin comes into view. It is wielding a +0 club.
The hobgoblin shouts!
A hobgoblin is nearby!
There are monsters nearby!
Are you sure you want to abandon this character and quit the game? (Confirm

.....................░
...................... ..
...............░░.░..░...
≈≈≈≈≈≈≈≈≈≈≈≈≈≈....░..░...
≈≈≈≈≈≈≈≈≈≈≈≈≈≈....░.....
≈≈≈≈≈≈≈≈≈≈≈≈≈≈....░...░░
≈≈≈≈≈≈▒'▒'▒≈≈≈.........░
'▒▒▒'▒▒...'≈≈≈..w...░...
......'...'≈≈≈..M[░.░░.░
░░░░░.▒▒▒+▒≈≈≈...........
░...░...▒≈≈≈≈............
░...'.⌠.'≈≈≈..⌠...░....%.
░.<.'.⌠.'≈≈≈..⌠...░..░...
░...░...▒≈≈≈≈...g.░..░ .>
░░░░░.▒'▒'▒≈≈≈...........
......▒...'≈≈≈....░.....
+▒▒▒'▒▒...'≈≈≈..........


You could see a dart slug and a hobgoblin.

Vanquished Creatures (collateral kills)
  A goblin (D:1)
1 creature vanquished.

Notes
Turn   | Place    | Note
-------+----------+-------------------------------------------
     0 | D:1      | utis the Mummy Summoner began the quest for the Orb.
     0 | D:1      | Reached XP level 1. HP: 13/13 MP: 4/4
    64 | D:1      | what an annoying vault
   230 | D:1      | Quit the game

Vault maps used:
D:1:      dpeg_arrival_castle

Action                   || total
-------------------------++-------
Melee: Unarmed           ||     1
 Cast: Summon Small Mamm ||     8

Table legend:
 A = Non-vault XP
 B = Vault XP
 C = Vault XP percentage of total XP
 D = Non-vault monster count
 E = Vault monster count
 F = Vault count percentage of total count
                 A         B        C        D         E       F
            +---------+---------+-------+---------+---------+-------
      Total |       1 |       0 |   0.0 |       1 |       0 |   0.0
            +---------+---------+-------+---------+---------+-------
        D:1 |       1 |       0 |   0.0 |       1 |       0 |   0.0
            +---------+---------+-------+---------+---------+-------
